 Dungeon Crawl Stone Soup version 0.28-b1-1-g3c77fb2ed1 (webtiles) character file.

Game seed: 16856972006456607292

105 crazypyro the Magician (level 4, -3/24 HPs)
             Began as a Deep Elf Fire Elementalist on Jan 28, 2022.
             Slain by Sigmund (7 damage)
             ... on level 2 of the Dungeon.
             The game lasted 00:04:47 (1715 turns).

crazypyro the Magician (Deep Elf Fire Elementalist) Turns: 1715, Time: 00:04:47

Health: -3/24      AC:  2    Str:  5    XL:     4   Next: 54%
Magic:  6/12       EV: 16    Int: 22    God:
Gold:   54         SH:  0    Dex: 15    Spells: 9/12 levels left

rFire   . . .      SeeInvis .   b - +0 short sword
rCold   . . .      Faith    .   (no shield)
rNeg    . . .      Spirit   .   a - +0 robe
rPois   .          Reflect  .   (no helmet)
rElec   .          Harm     .   (no cloak)
rCorr   .          Rampage  .   (no gloves)
Will    .....                   (no boots)
Stlth   ++........              (no amulet)
HPRegen 0.08/turn               d - +4 ring of evasion
MPRegen 0.13/turn               (no ring)

@: no status effects
A: no striking features
a: no special abilities


You were on level 2 of the Dungeon.
You visited 1 branch of the dungeon, and saw 2 of its levels.

You collected 54 gold pieces.

Inventory:

Hand Weapons
 b - a +0 short sword (weapon)
Armour
 a - a +0 robe (worn)
Jewellery
 d - a +4 ring of evasion (left hand)
Scrolls
 g - a scroll of identify {unknown}
Potions
 c - 2 potions of curing
 e - 2 potions of brilliance {unknown}
 f - a potion of attraction {unknown}


   Skills:
 - Level 2.4 Dodging
 - Level 2.4 Stealth
 + Level 4.8 Spellcasting
 * Level 2.1 Conjurations
 + Level 4.5 Fire Magic


You had 9 spell levels left.
You knew the following spells:

 Your Spells              Type           Power      Damage    Failure   Level
a - Foxfire               Conj/Fire      80%        2x1d8     2%          1
b - Scorch                Fire           50%        2d8       2%          2

Your spell library contained the following spells:

 Spells                   Type           Power      Damage    Failure   Level
 Conjure Flame            Conj/Fire      20%        6-21      8%          3
 Inner Flame              Hex/Fire       15%        N/A       12%         3
 Flame Wave               Conj/Fire      20%        2d7       26%         4


Dungeon Overview and Level Annotations

Branches:
Dungeon (2/15)

Altars:
Dithmenos

Shops:
D:2 *

Annotations:
D:2 Sigmund


Message History

Casting: Scorch (safe; 2% risk of failure)
Confirm with . or Enter, or press ? or * to list all spells.
Flames lash Natasha.
Natasha is burned terribly!
You kill Natasha!
Natasha screams in fury as she dies!
Your Conjurations skill increases to level 2!
Casting: Scorch (safe; 2% risk of failure)
Confirm with . or Enter, or press ? or * to list all spells.
Flames lash the rat.
You kill the rat!
You now have 54 gold pieces (gained 9).
Found a stone staircase leading down.
Found a stone staircase leading up.
There is a stone staircase leading up here.
Sigmund the Dreaded comes into view.
He is wielding a +2 scythe of freezing.
Found a whip.
The helpless Sigmund fails to defend himself.
You hit Sigmund.
Sigmund is lightly wounded.
Sigmund hits you with a +2 scythe of freezing.
Sigmund freezes you.
Casting: Scorch (safe; 2% risk of failure)
Confirm with . or Enter, or press ? or * to list all spells.
Flames lash Sigmund.
Sigmund is moderately wounded.
Sigmund's fire resistance burns away.
Casting: Scorch (safe; 2% risk of failure)
Confirm with . or Enter, or press ? or * to list all spells.
Flames lash Sigmund.
Sigmund is moderately wounded.
Sigmund hits you with a +2 scythe of freezing!
* * * LOW HITPOINT WARNING * * *
Sigmund freezes you.
* * * LOW HITPOINT WARNING * * *
Casting: Scorch (safe; 2% risk of failure)
Confirm with . or Enter, or press ? or * to list all spells.
Flames lash Sigmund.
Sigmund is burned terribly!
Sigmund is almost dead.
Sigmund hits you with a +2 scythe of freezing!
You die...

#### #.#.# ...
#....#####.#.# ...
#.#.#.##.....#.#.# ...
#.#.#.##.......#.#######
...
#.#.#.##...............)
...
#.#.#.##...#<..#.######
... #.#.#.##...#.#.#.#
... #.#.#.##...#.#.#.#
... #.#.#..#...#.#.#@#
...
.........>.......@......
...
.##......#.#.###.######.
##. .#######.#.#.# ...
#. ...........#.# #.# #
########.### #.. #####
#.# ### #...# #.# #...#
#.# #.#


You could see Sigmund (combustible).

Vanquished Creatures
  Natasha (D:2)
  4 gnolls (D:2)
  An adder (D:2)
  4 bats
  2 endoplasms (D:2)
  2 giant cockroaches (D:1)
  5 goblins
  3 hobgoblins (D:1)
  4 kobolds
  A quokka (D:1)
  4 ball pythons (D:1)
  A frilled lizard (D:1)
  4 rats
36 creatures vanquished.

Vanquished Creatures (others)
  74 foxfires
74 creatures vanquished.

Grand Total: 110 creatures vanquished

Notes
Turn   | Place    | Note
-------+----------+-------------------------------------------
     0 | D:1      | crazypyro the Deep Elf Fire Elementalist began the quest
                  | for the Orb.
     0 | D:1      | Reached XP level 1. HP: 10/10 MP: 6/6
   161 | D:1      | Reached XP level 2. HP: 15/15 MP: 4/8
  1083 | D:2      | Found Fiberhug's Assorted Antiques.
  1090 | D:2      | Reached XP level 3. HP: 19/19 MP: 6/10
  1189 | D:2      | Reached XP level 4. HP: 4/24 MP: 2/12
  1434 | D:2      | Learned a level 2 spell: Scorch
  1575 | D:2      | Found a shadowy altar of Dithmenos.
  1589 | D:2      | Noticed Natasha
  1596 | D:2      | Killed Natasha
  1707 | D:2      | Noticed Sigmund
  1715 | D:2      | Slain by Sigmund

Illustrated notes

Levels and vault maps discovered:
D:1:      heliophobic_arrival_battle_scene, layout_basic
D:2:      layout_basic, serial_shops, shop_fountains, basic_altar, uniq_sigmund,
          uniq_natasha

Skill      XL: |  1  2  3  4 |
---------------+-------------+-----
Fire Magic     | 4 |  4.5
Spellcasting   | 4 |  4.8
Conjurations   | 2 |  2.1
Dodging        | |  2.4
Stealth        | |  2.4

Action                   |  1- 3 |  4- 6 || total
-------------------------+-------+-------++-------
Melee: Short sword       |     2 |     1 ||     3
 Cast: Foxfire           |    57 |       ||    57
       Scorch            |       |    12 ||    12
 Stab: Sleeping          |       |     1 ||     1
Armor: Robe              |    10 |       ||    10
Dodge: Dodged            |    39 |       ||    39
